 Dungeon Crawl Stone Soup version 0.28-a0-1117-g0bdd5ba030 (webtiles) character file.

Game seed: 4710727729110645574

1132 miscthings the Charlatan (level 8, -5/60 HPs)
             Began as a Gnoll Artificer on Dec 12, 2021.
             Slain by an orc warrior (7 damage)
             ... on level 6 of the Dungeon.
             The game lasted 00:12:21 (6223 turns).

miscthings the Charlatan (Gnoll Artificer)          Turns: 6223, Time: 00:12:22

Health: -5/60      AC:  9    Str: 19    XL:     8   Next: 36%
Magic:  12/12      EV: 12    Int: 12    God:
Gold:   178        SH:  0    Dex: 10    Spells: 8/13 levels left

rFire   . . .      SeeInvis .   f - +0 dagger
rCold   + . .      Faith    .   (no shield)
rNeg    . . .      Spirit   .   a - +3 leather armour {rC+}
rPois   .          Reflect  .   (no helmet)
rElec   .          Harm     .   (no cloak)
rCorr   .          Rampage  .   i - +1 pair of gloves
Will    .....                   (no boots)
Stlth   ++........              (no amulet)
HPRegen 0.20/turn               w - +6 ring of strength
MPRegen 0.13/turn               (no ring)

@: no status effects
A: fangs 1, strong nose, distributed training, clumsy 1, subdued magic 1
a: no special abilities


You were on level 6 of the Dungeon.
You visited 2 branches of the dungeon, and saw 7 of its levels.
You also visited: Ossuary.

You collected 178 gold pieces.

Inventory:

Hand Weapons
 f - a +0 dagger (weapon)
 r - a +0 shortbow
Missiles
 g - 16 poisoned darts (quivered)
Armour
 a - a +3 leather armour of cold resistance (worn)
 i - a +1 pair of gloves (worn)
Jewellery
 w - a +6 ring of strength (left hand)
Wands
 c - a wand of flame (2)
 d - a wand of charming (6)
Scrolls
 b - a scroll of noise {unknown}
 h - a scroll of fog
 j - 2 scrolls of summoning
 m - a scroll of teleportation {unknown}
 p - a scroll of holy word {unknown}
 q - a scroll of enchant armour
 s - 2 scrolls of fear
 u - a scroll of brand weapon {unknown}
 v - 4 scrolls of enchant weapon {unknown}
Potions
 k - a potion of mutation
 l - a potion of flight
 n - a potion of curing {unknown}
 o - a potion of degeneration {unknown}
 t - a potion of resistance {unknown}
 z - a potion of berserk rage {unknown}
Miscellaneous
 e - a piece from Xom's chessboard (5/15)


   Skills:
 + Level 4.1 Fighting
 + Level 3.2 Short Blades
 + Level 3.2 Long Blades
 + Level 3.2 Axes
 + Level 3.2 Maces & Flails
 + Level 3.2 Polearms
 + Level 3.2 Staves
 + Level 3.2 Slings
 + Level 3.2 Bows
 + Level 3.2 Crossbows
 + Level 3.2 Throwing
 + Level 5.6 Armour
 + Level 4.1 Dodging
 + Level 4.0 Stealth
 + Level 3.2 Shields
 + Level 3.2 Unarmed Combat
 + Level 3.2 Spellcasting
 + Level 2.6 Conjurations
 + Level 2.6 Hexes
 + Level 2.6 Summonings
 + Level 2.6 Necromancy
 + Level 2.6 Translocations
 + Level 2.6 Transmutations
 + Level 2.6 Fire Magic
 + Level 2.6 Ice Magic
 + Level 2.6 Air Magic
 + Level 2.6 Earth Magic
 + Level 2.6 Poison Magic
 + Level 3.5 Invocations
 + Level 7.3 Evocations


You had 8 spell levels left.
You knew the following spells:

 Your Spells              Type           Power      Damage    Failure   Level
a - Call Canine Familiar  Summ           6%         N/A       24%         3
b - Summon Small Mammal   Summ           24%        N/A       8%          1
z - Pain                  Necr           24%        1d5       8%          1

Your spell library contained the following spells:

 Spells                   Type           Power      Damage    Failure   Level
 Magic Dart               Conj           24%        1d4       8%          1
 Call Imp                 Summ           6%         N/A       12%         2
 Static Discharge         Conj/Air       6%         N/A       12%         2
 Dazzling Flash           Conj/Hex       12%        N/A       24%         3
 Mephitic Cloud           Conj/Pois/Air  6%         N/A       24%         3
 Summon Guardian Golem    Hex/Summ       6%         N/A       24%         3
 Dispel Undead            Necr           6%         3d8       63%         4
 Sticky Flame             Conj/Fire      6%         2d3       63%         4
 Agony                    Necr           6%         N/A       93%         5
 Excruciating Wounds      Necr           3%         N/A       93%         5
 Silence                  Hex/Air        3%         N/A       93%         5


Dungeon Overview and Level Annotations

Branches:
Dungeon (6/15)             Temple (1/1) D:5         Ossuary (visited)

Altars:
Ashenzari
Dithmenos
Elyvilon
Fedhas
Gozag
Hepliaklqana
Kikubaaqudgha
Makhleb
Nemelex Xobeh
Ru
Sif Muna
Uskayaw
Vehumet
Xom
The Shining One

Shops:
D:4 *


Innate Abilities, Weirdness & Mutations

You have very sharp teeth.
Your uncanny sense of smell can sniff out nearby items.
Your experience applies equally to all skills.
You are clumsy. (Dex -2)
Your spells are a little easier to cast, but a little less powerful.


Message History

The orc warrior hits you with a +0 glaive!
Something barely misses you.
You barely miss the orc warrior.
You bite the orc warrior, but do no damage.
The orc warrior is moderately wounded.
You catch the helpless orc warrior completely off-guard!
You puncture the orc warrior!
The orc warrior is heavily wounded.
The orc warrior misses you. Something hits you.
You hit the orc warrior but do no damage.
The orc warrior is heavily wounded.
Something hits you but does no damage.
You hit the orc warrior. You bite the orc warrior.
The orc warrior is heavily wounded.
The orc warrior seems less confused.
Something hits you. The orc warrior completely misses you.
Aiming: Throw Flame
Press: ? - help, Shift-Dir - straight line, f - orc warrior
Aim: an orc warrior, wielding a +0 glaive and wearing a +0 chain mail (heavily wounded, 73% to hit)
The puff of flame hits the orc warrior.
The orc warrior is severely wounded.
Something hits you.
* * * LOW HITPOINT WARNING * * *
The orc warrior hits you with a +0 glaive!
* * * LOW HITPOINT WARNING * * *
Okay, then.
Aiming: Throw Flame
Press: ? - help, Shift-Dir - straight line, f/p - orc warrior
Aim: an orc warrior, wielding a +0 glaive and wearing a +0 chain mail (severely wounded, 73% to hit)
The puff of flame hits the orc warrior.
The orc warrior is almost dead.
Something hits you but does no damage. The orc warrior closely misses you.
Aiming: Throw Flame
Press: ? - help, Shift-Dir - straight line, f/p - orc warrior
Aim: an orc warrior, wielding a +0 glaive and wearing a +0 chain mail (almost dead, 73% to hit)
The puff of flame misses the orc warrior.
Something hits you.
* * * LOW HITPOINT WARNING * * *
The orc warrior hits you with a +0 glaive!
You die...

. .# .((## .## . $).. ..##.
#o(. #.#.. #o( ###.# #.#.#
#o. ..#.# #.#.# ##)## #.#.#
#.#.# ##...##
#.#.#########.#)#
##..(..###>#.#..@........#
...........#.#{##o.......#
.......##.)#.#.#.....#.#.#
..#...###............#.#.####
..##### #.####.#.....#......#
> ##.####.##....###.##.#
..............# #.##.#
##.####.####### #.##.# ..#
#.# #.#########.##.#


You could see an orc warrior.

Vanquished Creatures
  Eustachio (D:5)
  2 ice beasts
  A centaur (D:5)
  A scorpion (D:4)
  A howler monkey (D:5)
  A jelly (D:6)
  An orc priest (D:6)
  3 hounds (D:5)
  A bullfrog skeleton (D:6)
  An iguana (D:5)
  3 mummies (Ossuary)
  2 hound skeletons (D:5)
  A howler monkey zombie (D:5)
  A gnoll (D:1)
  5 adders
  A shadow imp (D:3)
  2 white imps (D:5)
  An adder skeleton (D:4)
  A dart slug (D:4)
  8 orcs
  14 endoplasms
  A giant cockroach (D:3)
  7 goblins
  5 hobgoblins
  9 jackals (D:3)
  6 quokkas
  9 ball pythons
  3 bats
  5 frilled lizards
  6 kobolds
  4 rats
107 creatures vanquished.

Vanquished Creatures (collateral kills)
  An ogre (D:5)
  2 centaur zombies (Ossuary)
  A mummy (Ossuary)
  A shadow imp (D:6)
  An orc (D:6)
  A goblin (D:4)
  A hobgoblin zombie (Ossuary)
8 creatures vanquished.

Vanquished Creatures (others)
  A sky beast (D:6)
  A centaur (D:6)
  An orc priest (D:6)
  2 mummies (Ossuary)
5 creatures vanquished.

Grand Total: 120 creatures vanquished

Notes
Turn   | Place    | Note
-------+----------+-------------------------------------------
     0 | D:1      | miscthings the Gnoll Artificer began the quest for the Orb.
     0 | D:1      | Reached XP level 1. HP: 17/17 MP: 1/1
   476 | D:1      | Reached XP level 2. HP: 17/23 MP: 2/2
  1157 | D:1      | Reached XP level 3. HP: 18/28 MP: 3/3
  1564 | D:2      | Learned a level 3 spell: Call Canine Familiar
  1608 | D:2      | Reached skill level 1 in Invocations
  1719 | D:2      | Reached skill level 1 in Short Blades
  1719 | D:2      | Reached skill level 1 in Long Blades
  1719 | D:2      | Reached skill level 1 in Axes
  1719 | D:2      | Reached skill level 1 in Maces & Flails
  1719 | D:2      | Reached skill level 1 in Polearms
  1719 | D:2      | Reached skill level 1 in Staves
  1719 | D:2      | Reached skill level 1 in Slings
  1719 | D:2      | Reached skill level 1 in Bows
  1719 | D:2      | Reached skill level 1 in Crossbows
  1719 | D:2      | Reached skill level 1 in Throwing
  1719 | D:2      | Reached skill level 1 in Shields
  1719 | D:2      | Reached skill level 1 in Unarmed Combat
  1719 | D:2      | Reached skill level 1 in Spellcasting
  1791 | D:2      | Reached XP level 4. HP: 31/34 MP: 5/5
  2492 | D:3      | Reached skill level 1 in Conjurations
  2492 | D:3      | Reached skill level 1 in Hexes
  2492 | D:3      | Reached skill level 1 in Summonings
  2492 | D:3      | Reached skill level 1 in Necromancy
  2492 | D:3      | Reached skill level 1 in Translocations
  2492 | D:3      | Reached skill level 1 in Transmutations
  2492 | D:3      | Reached skill level 1 in Fire Magic
  2492 | D:3      | Reached skill level 1 in Ice Magic
  2492 | D:3      | Reached skill level 1 in Air Magic
  2492 | D:3      | Reached skill level 1 in Earth Magic
  2492 | D:3      | Reached skill level 1 in Poison Magic
  3105 | D:3      | Reached XP level 5. HP: 18/40 MP: 6/6
  3255 | D:3      | Learned a level 1 spell: Pain
  3693 | D:4      | Found a sand-covered staircase.
  3847 | D:4      | Learned a level 1 spell: Summon Small Mammal
  3849 | Ossuary  | Entered an ossuary
  3901 | Ossuary  | Reached XP level 6. HP: 17/47 MP: 8/8
  4431 | D:4      | Found a white marble altar of Elyvilon.
  4453 | D:4      | Reached skill level 5 in Armour
  4484 | D:4      | Found Ygeaf's General Store.
  4709 | D:5      | Entered Level 5 of the Dungeon
  4710 | D:5      | Noticed Eustachio
  4745 | D:5      | Killed Eustachio
  4746 | D:5      | Reached XP level 7. HP: 11/52 MP: 10/10
  5037 | D:5      | Reached skill level 7 in Evocations
  5347 | D:5      | Noticed a shadow
  5349 | D:5      | Found a shadowy altar of Dithmenos.
  5354 | D:5      | Found a hazy altar of Hepliaklqana.
  5380 | D:5      | Gained mutation: You are clumsy. (Dex -2) [potion of
                  | mutation]
  5380 | D:5      | Gained mutation: Your spells are a little easier to cast,
                  | but a little less powerful. [potion of mutation]
  5534 | D:5      | Found a shimmering altar of Xom.
  5566 | D:5      | Found a shimmering blue altar of Sif Muna.
  5626 | D:5      | Reached XP level 8. HP: 41/60 MP: 12/12
  5767 | D:5      | Found a staircase to the Ecumenical Temple.
  5773 | Temple   | Entered the Ecumenical Temple
  6003 | D:6      | Found a radiant altar of Vehumet.
  6170 | D:6      | Identified the +7 hunting sling "Ligiwuno" {flame, *Slow
                  | rF+ rN++ Stlth-}
  6173 | D:6      | Identified the +0 leather armour of Wariness {Str+4}
  6221 | D:6      | HP: 3/60 [orc warrior (15)]
  6223 | D:6      | Slain by an orc warrior

Illustrated notes

Levels and vault maps discovered:
D:1:      amcnicky_arrival_flooded_fountain, layout_loops_corners
D:2:      layout_basic
D:3:      layout_loops_ring
D:4:      layout_basic, mainiacjoe_overflow_small_starburst, serial_shops,
          shop_statue, enter_ossuary_1
D:5:      layout_basic, riverfiend_overflow_shadow_ancestor,
          mainiacjoe_overflow_six_doors_small, nicolae_sif_muna_little_library,
          minmay_temple_entry_fiery, uniq_eustachio
D:6:      layout_loops_ring, zin_scriptorium, nicolae_vehumet_radiance,
          cheibrodos_sewer_entry_bend
Temple:   jpeg_temple_island

Skill      XL: |  1  2  3  4  5  6  7  8 |
---------------+-------------------------+-----
Invocations    | 1 2 3 |  3.5
Short Blades   | 1 2 3 |  3.2
Long Blades    | 1 2 3 |  3.2
Axes           | 1 2 3 |  3.2
Maces & Flails | 1 2 3 |  3.2
Polearms       | 1 2 3 |  3.2
Staves         | 1 2 3 |  3.2
Slings         | 1 2 3 |  3.2
Bows           | 1 2 3 |  3.2
Crossbows      | 1 2 3 |  3.2
Throwing       | 1 2 3 |  3.2
Shields        | 1 2 3 |  3.2
Unarmed Combat | 1 2 3 |  3.2
Spellcasting   | 1 2 3 |  3.2
Conjurations   | 1 2 |  2.6
Hexes          | 1 2 |  2.6
Summonings     | 1 2 |  2.6
Necromancy     | 1 2 |  2.6
Translocations | 1 2 |  2.6
Transmutations | 1 2 |  2.6
Fire Magic     | 1 2 |  2.6
Ice Magic      | 1 2 |  2.6
Air Magic      | 1 2 |  2.6
Earth Magic    | 1 2 |  2.6
Poison Magic   | 1 2 |  2.6
Fighting       | 3 4 |  4.1
Dodging        | 3 4 |  4.1
Stealth        | 3 4 |  4.0
Armour         | 5 |  5.6
Evocations     | 7 |  7.3

Action                   |  1- 3 |  4- 6 |  7- 9 || total
-------------------------+-------+-------+-------++-------
Melee: Dagger            |   122 |   339 |    41 ||   502
       Club              |     6 |       |       ||     6
       Bite              |    13 |    45 |     7 ||    65
       Punch             |       |     4 |       ||     4
 Fire: Shortbow          |       |       |   117 ||   117
Throw: Dart              |    20 |    36 |    10 ||    66
 Cast: Summon Small Mamm |       |     3 |       ||     3
       Pain              |       |     1 |       ||     1
       Call Canine Famil |       |       |     1 ||     1
Evoke: Wand              |     4 |    11 |     7 ||    22
       Piece from Xom's  |       |    14 |     4 ||    18
  Use: Scroll            |       |     6 |       ||     6
       Potion            |       |       |     1 ||     1
 Stab: Sleeping          |     2 |     2 |       ||     4
       Petrified         |       |     5 |       ||     5
       Confused          |       |       |     1 ||     1
Armor: Leather armour    |     5 |    22 |    47 ||    74
       Ring mail         |    41 |   104 |       ||   145
Dodge: Dodged            |    92 |   212 |    75 ||   379

Table legend: (Time is in decaauts)
 A = Elapsed time spent in this place.
 B = Non-inter-level travel time spent in this place.
 C = Inter-level travel time spent in this place.
 D = Time resting spent in this place.
 E = Time spent auto-exploring this place.
 F = Levels seen in this place.
 G = Mean time per level.
                   A        B        C        D        E       F      G
               +--------+--------+--------+--------+--------+-----+--------+
         Total |   6240 |   6035 |    205 |   1539 |   2990 |   8 |  780.0 |
       Dungeon |   5701 |   5503 |    198 |   1361 |   2733 |   6 |  950.2 |
        Temple |    230 |    223 |      7 |      0 |    210 |   1 |  230.0 |
       Ossuary |    308 |    308 |      0 |    178 |     47 |   1 |  308.0 |
               +--------+--------+--------+--------+--------+-----+--------+

Top non-repeatable levels by time:
     D:1: 1426 daAuts
     D:3: 1148 daAuts
     D:2: 1036 daAuts
     D:4: 997 daAuts
     D:5: 857 daAuts
 Ossuary: 308 daAuts
     D:6: 236 daAuts
  Temple: 230 daAuts
